 Dungeon Crawl Stone Soup version 0.28.0-53-g5a82cb258f (webtiles) character file.

Game seed: 1774236727682429710

161057 WANAX the Warrior (level 17, -4/163 (168) HPs)
             Began as a Hill Orc Berserker on July 9, 2022.
             Was the Champion of Trog.
             Blown up by an orb spider (32 damage)
             ... with an orb of destruction
             ... on level 4 of the Spider Nest on July 11, 2022.
             The game lasted 03:05:43 (41111 turns).

WANAX the Warrior (Hill Orc Berserker)             Turns: 41111, Time: 03:05:44

HP:   -4/163 (168)  AC: 43    Str: 32    XL:     17   Next: 77%
MP:   17/17         EV: 14    Int:  3    God:    Trog [******]
Gold: 2972          SH:  0    Dex: 18    Spells: 16/16 levels left

rFire   + . .      SeeInvis .   H - +3 executioner's axe (flame)
rCold   . . .      Faith    .   (shield currently unavailable)
rNeg    . . .      Spirit   .   a - +2 crystal plate armour
rPois   +          Reflect  .   x - +2 helmet
rElec   +          Harm     .   G - +2 cloak {rCorr}
rCorr   +          Rampage  .   r - +0 pair of gloves
Will    +....                   z - +1 pair of boots of the Eagle {Will- Str+3 Dex+6}
Stlth   ..........              U - amulet of regeneration
HPRegen 1.17/turn               B - ring of Recklessness {rElec rPois rF+ Str+3 Int-4}
MPRegen 0.15/turn               e - ring "Saisis" {rPois Will+ AC+4}

@: on berserk cooldown, lightly drained, unable to read
A: inability to read while threatened, MP-powered wands
a: Renounce Religion, Berserk, Trog's Hand, Brothers in Arms


You were on level 4 of the Spider Nest.
You worshipped Trog.
Trog was exalted by your worship.
You visited 6 branches of the dungeon, and saw 31 of its levels.
You also visited: Ossuary.

You collected 3421 gold pieces.
You spent 449 gold pieces at shops.

Inventory:

Hand Weapons
 f - a +4 vampiric triple sword
 w - the +8 hand axe of Massacring {flame, rF+ Dex+4}
   (You found it on level 5 of the Dungeon)

   It burns those it strikes, dealing additional fire damage.
   Big, fiery blades are also staple armaments of hydra-hunters.
   Dex:       It affects your dexterity (+4).
   rF:        It protects you from fire.
 H - a +3 executioner's axe of flaming (weapon)
 W - a +5 vorpal battleaxe
 Z - a +4 antimagic battleaxe
Armour
 a - a +2 crystal plate armour (worn)
 r - a +0 pair of gloves (worn)
 v - a +2 plate armour of fire resistance
 x - a +2 helmet (worn)
 z - the +1 pair of boots of the Eagle (worn) {Will- Str+3 Dex+6}
   (You found it on level 6 of the Dungeon)

   Str:       It affects your strength (+3).
   Dex:       It affects your dexterity (+6).
   Will:      It decreases your willpower.
 G - a +2 cloak of preservation (worn)
 V - the +6 chain mail "Vuxzoave" {rElec rF+ rC- rN+}
   (You found it on level 13 of the Dungeon)

   rF:        It protects you from fire.
   rC:        It makes you vulnerable to cold.
   rElec:     It insulates you from electricity.
   rN:        It protects you from negative energy.
Jewellery
 c - a +4 ring of slaying
 e - the ring "Saisis" (right hand) {rPois Will+ AC+4}
   (You acquired it on level 6 of the Lair of Beasts)

   [ring of protection]

   AC:        It affects your AC (+4).
   rPois:     It protects you from poison.
   Will:      It increases your willpower.
 n - a ring of flight
 y - an amulet of reflection
 A - a ring of protection from fire
 B - the ring of Recklessness (left hand) {rElec rPois rF+ Str+3 Int-4}
   (You bought it in a shop on level 8 of the Dungeon)

   [ring of protection from fire]

   Str:       It affects your strength (+3).
   Int:       It affects your intelligence (-4).
   rF:        It protects you from fire.
   rElec:     It insulates you from electricity.
   rPois:     It protects you from poison.
 E - a ring of resist corrosion
 R - a ring of protection from cold
 S - a +4 ring of evasion
 U - an amulet of regeneration (around neck)
Wands
 d - a wand of digging (4)
 C - a wand of flame (64)
 D - a wand of polymorph (22)
 F - a wand of iceblast (13)
 J - a wand of charming (2)
 O - a wand of mindburst (11)
 P - a wand of paralysis (16)
Scrolls
 h - 10 scrolls of identify
 j - a scroll of silence
 l - 5 scrolls of blinking
 o - 5 scrolls of fog
 p - a scroll of enchant armour
 s - 15 scrolls of teleportation
 I - 5 scrolls of magic mapping
 N - a scroll of torment
 T - 5 scrolls of fear
Potions
 b - 6 potions of ambrosia
 i - 14 potions of curing
 k - 5 potions of berserk rage
 m - a potion of resistance
 q - 4 potions of heal wounds
 t - 5 potions of haste
 u - 4 potions of flight
 K - 2 potions of might
 M - a potion of cancellation
 Q - 2 potions of lignification


   Skills:
 + Level 19.0 Fighting
 + Level 18.1 Axes
 + Level 17.4 Armour
 + Level 13.7 Dodging
 + Level 8.6 Evocations


You had 16 spell levels left.
You didn't know any spells.
Your spell library contained the following spells:

 Spells                   Type           Power      Damage    Failure   Level
 Animate Skeleton         Necr           0%         N/A       100%        1
 Magic Dart               Conj           0%         1d3       100%        1
 Pain                     Necr           0%         1d4       100%        1
 Shock                    Conj/Air       0%         1d3       100%        1
 Slow                     Hex            0%         N/A       100%        1
 Sting                    Tmut/Pois      0%         1d3       100%        1
 Call Imp                 Summ           0%         N/A       100%        2
 Ensorcelled Hibernation  Hex/Ice        0%         N/A       100%        2
 Poisonous Vapours        Pois/Air       0%         N/A       100%        2
 Searing Ray              Conj           0%         2d4       100%        2
 Static Discharge         Conj/Air       0%         N/A       100%        2
 Call Canine Familiar     Summ           0%         N/A       100%        3
 Confusing Touch          Hex            0%         N/A       100%        3
 Ignite Poison            Fire/Tmut/Pois 0%         N/A       100%        3
 Mephitic Cloud           Conj/Pois/Air  0%         N/A       100%        3
 Portal Projectile        Hex/Tloc       0%         N/A       100%        3
 Spider Form              Tmut/Pois      0%         N/A       100%        3
 Summon Guardian Golem    Hex/Summ       0%         N/A       100%        3
 Swiftness                Air            0%         N/A       100%        3
 Tukima's Dance           Hex            0%         N/A       100%        3
 Vampiric Draining        Necr           0%         2d6       100%        3
 Airstrike                Air            0%         N/A       100%        4
 Anguish                  Hex/Necr       0%         N/A       100%        4
 Animate Armour           Summ/Erth      0%         N/A       100%        4
 Animate Dead             Necr           0%         N/A       100%        4
 Cause Fear               Hex            0%         N/A       100%        4
 Dispel Undead            Necr           0%         3d6       100%        4
 Fulminant Prism          Conj/Hex       0%         3d6       100%        4
 Leda's Liquefaction      Hex/Erth       0%         N/A       100%        4
 Olgreb's Toxic Radiance  Pois           0%         N/A       100%        4
 Passage of Golubria      Tloc           0%         N/A       100%        4
 Sticky Flame             Conj/Fire      0%         2d3       100%        4
 Summon Ice Beast         Ice/Summ       0%         N/A       100%        4
 Summon Lightning Spire   Summ/Air       0%         N/A       100%        4
 Blade Hands              Tmut           0%         N/A       100%        5
 Borgnjor's Vile Clutch   Necr/Erth      0%         N/A       100%        5
 Freezing Cloud           Conj/Ice/Air   0%         6-21      100%        5
 Lightning Bolt           Conj/Air       0%         1d11      100%        5
 Summon Mana Viper        Hex/Summ       0%         N/A       100%        5
 Yara's Violent Unravell  Hex/Tmut       0%         3d3       100%        5
 Conjure Ball Lightning   Conj/Air       0%         3x3d6     100%        6
 Death Channel            Necr           0%         N/A       100%        6
 Iron Shot                Conj/Erth      0%         9d1       100%        6
 Simulacrum               Ice/Necr       0%         N/A       100%        6
 Dragon Form              Tmut           0%         N/A       100%        7
 Enfeeble                 Hex            0%         N/A       100%        7
 Monstrous Menagerie      Summ           0%         N/A       100%        7
 Orb of Destruction       Conj           0%         9d5       100%        7
 Spellforged Servitor     Conj/Summ      0%         N/A       100%        7
 Discord                  Hex            0%         N/A       100%        8
 Disjunction              Tloc           0%         N/A       100%        8
 Dragon's Call            Summ           0%         N/A       100%        9
 Polar Vortex             Ice            0%         N/A       100%        9


Dungeon Overview and Level Annotations

Branches:
Dungeon (15/15)              Lair (6/6) D:8           Swamp (3/4) Lair:4
 Spider (4/4) Lair:2        Slime (0/5) Lair:6          Orc (2/2) D:12
    Elf (1/3) Orc:2        Vaults (0/5) D:13         Depths (0/4) D:15
Ossuary (visited)
 Temple: D:4-7

Altars:
Ashenzari
Elyvilon
Gozag
Hepliaklqana
Kikubaaqudgha
Makhleb
Ru
Trog
Zin
The Shining One
Beogh

Shops:
D:5 [   D:6 [   D:8 *   D:12 [   Orc:1 :   Orc:2 *(=?

Annotations:
Lair:6 2 transporters, unlimited1921's ghost, journeyman DjFE
Swamp:3 Roxanne
Elf:1 Azrael


Innate Abilities, Weirdness & Mutations

You sometimes lose the ability to read scrolls when taking damage.
You expend magic power (3 MP) to strengthen your wands.


Message History

The jumping spider is heavily wounded.
The jumping spider leaps!
A redback comes into view.
The orb spider begins to weave its threads into a brightly glowing ball.
You are caught in the web!
There is a web here.
Things that are here:
a tarantella corpse; a redback corpse You disentangle yourself.
The orb spider weaves a glowing orb of energy.
An orb of destruction comes into view.
You are caught in the web!
There is a web here.
You disentangle yourself.
The orb of destruction hits you!!!
* * * LOW HITPOINT WARNING * * *
The jumping spider leaps!
The orb spider spins a strand of pure energy.
You feel much better.
The jumping spider leaps!
The orb spider weaves a glowing orb of energy.
An orb of destruction comes into view.
The jumping spider leaps!
The orb of destruction hits you!!
* * * LOW HITPOINT WARNING * * *
The orb spider begins to weave its threads into a brightly glowing ball.
The jumping spider leaps!
The orb spider weaves a glowing orb of energy.
The jumping spider leaps!
An orb of destruction comes into view.
You feel yourself speed up.
The orb spider begins to weave its threads into a brightly glowing ball.
You see here a +0 pair of boots.
The jumping spider closely misses you.
The jumping spider bites you but does no damage.
You slice the jumping spider!! You burn the jumping spider.
You kill the jumping spider!
Trog accepts your kill.
The orb spider weaves a glowing orb of energy.
An orb of destruction comes into view.
The orb of destruction hits you!!
You die...

##....<...#...........#
#...^....#...........#
##[.......^..........#
####....†............#
###^..............)..^.#
#......^...............#
##..^...^..............#
#......#^....^.........#
####.#######..^.@..^..^#
###....###.#...☼.......#
......##..^.^..○###....#
#......##.##....*.^....#
......##^ ###..[○.....#
^^.....# ####.s....#
####^### ##.....## ###
###....# ##.^..^#


There were no monsters in sight!

Vanquished Creatures
  Jorgrun (D:14)
  Gastronok (Orc:1)
  An emperor scorpion (Spider:3)
  2 ghouls (Swamp:2)
  A ghost moth (Spider:3)
  An orc warlord (Orc:2)
  3 broodmothers
  5 entropy weavers
  A dire elephant (D:15)
  6 eleionomae
  A spark wasp (Spider:4)
  Snorg (Orc:1)
  4 bunyips
  An ettin (D:12)
  Josephine (D:15)
  The ghost of angelusfrater the Thaumaturge, a journeyman FoSu of Ashenzari (D:12)
  Fannar (D:10)
  4 vault guards (D:13)
  A jorogumo (Spider:2)
  5 boulder beetles
  A radroach (Spider:2)
  21 hydras
  2 catoblepae
  The ghost of osoart the Cleaver, a novice DrBe of Trog (D:11)
  2 ghost crabs (Swamp:3)
  A death knight (D:13)
  2 dancing weapons (Elf:1)
  3 death yaks (D:8)
  12 centaur warriors
  3 alligators
  8 two-headed ogres
  A tengu warrior (D:15)
  Sonja (D:10)
  A deep elf knight (D:12)
  2 goliath frogs (Swamp:2)
  3 pharaoh ants
  A sun moth (Spider:3)
  6 steelbarb worms
  2 swamp dragons (Swamp:2)
  2 spriggan druids
  A lindwurm (Lair:4)
  4 orb spiders
  3 bog bodies
  8 orc knights (Orc:2)
  2 deep elf zephyrmancers
  An ugly thing (D:9)
  6 deep elf pyromancers
  A salamander (D:15)
  15 wolf spiders
  A moth of wrath (Spider:3)
  2 manticores (D:12)
  2 cyclopes
  6 elephants (Lair:4)
  Joseph (D:9)
  4 torpor snails
  2 black mambas
  Maurice (D:10)
  6 cane toads
  A gargoyle (D:13)
  3 rime drakes
  An unseen horror (D:13)
  A kobold demonologist (D:11)
  6 komodo dragons
  2 efreet (D:14)
  13 trolls
  A freezing wraith (D:12)
  2 tengu conjurers
  A burning bush (Lair:1)
  6 meliai (Spider:3)
  10 tarantellas
  7 tyrant leeches
  9 blink frogs
  6 polar bears (Lair:6)
  10 hornets
  17 dream sheep
  6 slime creatures
  9 culicivoras
  A spriggan (shapeshifter) (D:13)
  A centaur simulacrum (D:11)
  15 spriggans
  15 jumping spiders
  2 vampires
  A shadow (D:12)
  6 wraiths
  2 wyverns (Lair:5)
  A human (shapeshifter) (D:14)
  7 basilisks
  36 yaks
  2 fire elementals
  36 redbacks
  2 fire bats (Lair:1)
  11 vampire mosquitoes
  18 swamp worms
  6 wargs
  21 water moccasins
  5 hell hounds
  40 orc warriors
  2 swamp drakes
  2 meliai simulacra (D:11)
  6 ice beasts
  8 ogres
  2 black bears
  4 necrophages
  4 boggarts (Lair:6)
  33 wolves
  10 centaurs
  2 kobold brigands (D:7)
  16 bullfrogs
  2 gnoll sergeants
  2 scorpions (D:5)
  A water moccasin zombie (D:6)
  A water moccasin skeleton (D:4)
  14 killer bees
  3 howler monkeys (D:12)
  2 wights (D:6)
  3 electric eels
  A crimson imp (Orc:2)
  2 bullfrog zombies (D:6)
  4 centaur zombies
  11 orc priests
  2 gnoll shamans
  A human zombie (D:6)
  A jelly (D:7)
  Crazy Yiuf (D:6)
  An iron imp (Orc:2)
  5 hell rats
  An iguana (D:6)
  25 orc wizards
  3 killer bee zombies
  2 hound skeletons
  3 mummies
  4 howler monkey zombies
  14 gnolls
  7 adders
  2 river rats (D:8)
  A shadow imp (Orc:2)
  4 white imps
  2 ufetubi
  3 worms
  128 orcs
  7 endoplasms
  2 giant cockroaches (D:1)
  12 goblins
  12 hobgoblins
  5 jackals
  14 kobolds
  6 quokkas
  11 ball pythons
  2 bats
  3 frilled lizards
  A gnoll zombie (Ossuary)
  5 goblin zombies (Ossuary)
  A hobgoblin zombie (Ossuary)
  7 orc zombies (Ossuary)
  7 rats
962 creatures vanquished.

Vanquished Creatures (others)
  A hydra (Swamp:3)
  A jorogumo (Spider:4)
  2 bloated husks (Swamp:1)
  A tarantella (Spider:4)
  A jumping spider (Spider:2)
  An orc (Orc:2)
  A hobgoblin (D:3)
  A kobold (D:3)
  31 fungi
  27 plants
67 creatures vanquished.

Grand Total: 1029 creatures vanquished

Notes
Turn   | Place    | Note
-------+----------+-------------------------------------------
     0 | D:1      | WANAX the Hill Orc Berserker began the quest for the Orb.
     0 | D:1      | Reached XP level 1. HP: 19/19 MP: 1/1
   104 | D:1      | Reached XP level 2. HP: 27/27 MP: 2/2
   576 | D:1      | Reached skill level 4 in Fighting
   595 | D:1      | Reached XP level 3. HP: 33/33 MP: 3/3
   662 | D:1      | Reached ** piety under Trog
  1181 | D:2      | Reached XP level 4. HP: 14/41 MP: 4/4
  2721 | D:3      | Reached skill level 5 in Axes
  2721 | D:3      | Reached XP level 5. HP: 47/47 MP: 5/5
  2758 | D:3      | Noticed a water moccasin
  3165 | D:3      | Found a faded altar of an unknown god.
  3304 | D:3      | Killed a water moccasin
  3305 | D:3      | Reached skill level 5 in Fighting
  3305 | D:3      | Reached XP level 6. HP: 56/56 MP: 6/6
  3471 | D:3      | Found a bloodstained altar of Trog.
  4553 | D:4      | Noticed a black bear
  4605 | D:5      | Entered Level 5 of the Dungeon
  4617 | D:5      | Reached XP level 7. HP: 61/61 MP: 7/7
  4622 | D:5      | Reached *** piety under Trog
  5106 | D:5      | Reached skill level 6 in Fighting
  5423 | D:5      | Found Navej's Armour Shoppe.
  5463 | D:5      | Reached skill level 5 in Armour
  5566 | D:5      | Identified the +8 hand axe of Massacring {flame, rF+ Dex+4}
  5882 | D:6      | Identified the +1 pair of boots of the Eagle {Will- Str+3
                  | Dex+6}
  5947 | D:6      | Reached XP level 8. HP: 71/71 MP: 8/8
  6123 | D:6      | Found Mooschi's Armour Emporium.
  6335 | D:6      | Found a runed translucent door.
  6336 | D:6      | Noticed Crazy Yiuf
  7016 | D:6      | Found an ancient bone altar of Kikubaaqudgha.
  7062 | D:6      | Reached skill level 7 in Fighting
  7121 | D:6      | Reached XP level 9. HP: 70/79 MP: 9/9
  7265 | D:6      | Killed Crazy Yiuf
  7395 | D:7      | Reached **** piety under Trog
  7486 | D:7      | Found a sand-covered staircase.
  7497 | Ossuary  | Entered an ossuary
  7747 | D:7      | Reached skill level 5 in Dodging
  7861 | D:7      | Reached skill level 10 in Axes
  7968 | D:7      | Found a broken altar of Ashenzari.
  7970 | D:7      | Found a glowing silver altar of Zin.
  8065 | D:7      | Reached skill level 8 in Fighting
  8332 | D:8      | Found a hazy altar of Hepliaklqana.
  8718 | D:8      | Found Itats's Assorted Antiques.
  8721 | D:8      | Bought a pair of heavily runed gloves for 294 gold pieces
  8721 | D:8      | Identified the +2 pair of gloves of Decompression {Harm
                  | rElec rF- rC-} (You bought it in a shop on level 8 of the
                  | Dungeon)
  8765 | D:8      | Noticed a death yak
  8766 | D:8      | Noticed a death yak
  8792 | D:8      | Killed a death yak
  8793 | D:8      | Reached XP level 10. HP: 55/90 MP: 10/10
  9032 | D:8      | Reached ***** piety under Trog
  9040 | D:8      | Found a staircase to the Lair.
  9046 | D:8      | Noticed a death yak
  9076 | D:8      | Killed a death yak
  9082 | D:8      | Killed a death yak
  9083 | D:8      | Reached skill level 9 in Fighting
  9853 | D:9      | Noticed Joseph
  9865 | D:9      | Killed Joseph
 10276 | D:9      | Noticed a two-headed ogre
 10280 | D:9      | Killed a two-headed ogre
 10281 | D:9      | Reached XP level 11. HP: 99/99 MP: 11/11
 10325 | D:9      | Noticed a centaur warrior
 10326 | D:9      | Noticed a brown ugly thing
 10354 | D:9      | Noticed a cyclops
 10359 | D:9      | Noticed a deep elf zephyrmancer
 10382 | D:9      | Noticed a centaur warrior
 10636 | Lair:1   | Entered Level 1 of the Lair of Beasts
 10676 | Lair:1   | Reached skill level 10 in Fighting
 10959 | Lair:1   | Found a transporter.
 10972 | Lair:1   | Found a burning altar of Makhleb.
 11103 | Lair:1   | Gained mutation: You are clumsy. (Dex -2) [potion of
                  | mutation]
 11103 | Lair:1   | Gained mutation: You are partially covered in iridescent
                  | scales. (AC +2) [potion of mutation]
 11106 | Lair:1   | Lost mutation: You are partially covered in iridescent
                  | scales. (AC +2) [potion of mutation]
 11106 | Lair:1   | Lost mutation: You are clumsy. (Dex -2) [potion of
                  | mutation]
 11106 | Lair:1   | Gained mutation: You are dopey. (Int -2) [potion of
                  | mutation]
 11106 | Lair:1   | Gained mutation: Your flesh is heat resistant. (rF+)
                  | [potion of mutation]
 11209 | Lair:1   | Found a transporter.
 11448 | Lair:1   | Received a gift from Trog
 11868 | Lair:1   | Noticed a six-headed hydra
 11875 | Lair:1   | Killed a two-headed hydra
 12456 | Lair:2   | Found a hole to the Spider Nest.
 12470 | Lair:2   | Reached skill level 11 in Fighting
 12701 | Lair:2   | Noticed a four-headed hydra
 12710 | Lair:2   | Killed a one-headed hydra
 12816 | Lair:2   | Reached skill level 10 in Armour
 13002 | Lair:2   | Noticed a five-headed hydra
 13011 | Lair:2   | Killed a one-headed hydra
 13277 | Lair:2   | Reached XP level 12. HP: 110/110 MP: 12/12
 13655 | Lair:3   | Noticed an eight-headed hydra
 13661 | Lair:3   | Killed a five-headed hydra
 13679 | Lair:3   | Reached skill level 12 in Fighting
 15289 | Lair:4   | Reached skill level 13 in Fighting
 15617 | Lair:4   | Found a staircase to the Swamp.
 16049 | Lair:5   | You fall into a shaft and drop 1 floor!
 16049 | Lair:6   | Entered Level 6 of the Lair of Beasts
 16088 | Lair:6   | Reached XP level 13. HP: 103/122 MP: 13/13
 16155 | Lair:6   | Found a transporter.
 16158 | Lair:6   | Found a transporter.
 16159 | Lair:6   | Noticed unlimited1921's ghost (journeyman DjFE)
 16684 | Lair:6   | Received a gift from Trog
 16722 | Lair:6   | Reached skill level 14 in Fighting
 16809 | Lair:6   | Reached skill level 10 in Dodging
 17229 | Lair:6   | Identified a scroll of acquirement
 17229 | Lair:6   | Acquired the ring "Saisis" {rPois Will+ AC+4}
 18161 | Lair:6   | Found a staircase to the Slime Pits.
 18868 | Lair:5   | Reached skill level 15 in Fighting
 19416 | Lair:5   | Received a gift from Trog
 19417 | Lair:5   | Reached XP level 14. HP: 101/135 MP: 14/14
 20041 | D:10     | Entered Level 10 of the Dungeon
 20043 | D:10     | Noticed Fannar
 20062 | D:10     | Killed Fannar
 20589 | D:10     | Noticed Maurice
 20630 | D:10     | Killed Maurice
 20802 | D:10     | Noticed Sonja
 20811 | D:10     | Killed Sonja
 21202 | D:11     | Found a runed translucent gate.
 21208 | D:11     | Found a runed translucent gate.
 21208 | D:11     | Found a runed translucent gate.
 21481 | D:11     | Noticed osoart's ghost (novice DrBe)
 22274 | D:12     | Found a runed translucent gate.
 22275 | D:12     | Found an opulent altar of Gozag.
 22277 | D:12     | Found a runed translucent gate.
 22277 | D:12     | Found a runed translucent gate.
 22277 | D:12     | Noticed angelusfrater's ghost (journeyman FoSu)
 22361 | D:12     | Received a gift from Trog
 22367 | D:12     | Found a staircase to the Orcish Mines.
 22906 | D:12     | Found Soshruz's Armour Shoppe.
 23310 | Orc:1    | Entered Level 1 of the Orcish Mines
 23313 | Orc:1    | Noticed Snorg
 23329 | Orc:1    | Killed Snorg
 23870 | Orc:1    | Reached skill level 16 in Fighting
 23898 | Orc:1    | Found Digos's Book Emporium.
 23943 | Orc:1    | Found a bloodstained altar of Trog.
 24112 | Orc:2    | Entered Level 2 of the Orcish Mines
 24219 | Orc:2    | Found a staircase to the Elven Halls.
 24219 | Orc:2    | Found a roughly hewn altar of Beogh.
 24284 | Orc:2    | Received a gift from Trog
 25303 | Orc:2    | Found a roughly hewn altar of Beogh.
 25337 | Orc:2    | Found Wuefier's Weapon Boutique.
 25337 | Orc:2    | Found Ryagi's Assorted Antiques.
 25431 | Orc:2    | Found Tolipnee's Magic Scroll Boutique.
 25431 | Orc:2    | Found Bauhoaze's Jewellery Shoppe.
 25438 | Orc:2    | Noticed an orc warlord
 25598 | Orc:1    | Noticed Gastronok
 26018 | Orc:2    | Reached skill level 15 in Armour
 26026 | Orc:2    | Reached ****** piety under Trog
 26199 | Orc:2    | Received a gift from Trog
 26208 | Orc:2    | Killed an orc warlord
 26209 | Orc:2    | Reached XP level 15. HP: 145/145 MP: 15/15
 26548 | Orc:1    | Killed Gastronok
 26549 | Orc:1    | Reached skill level 1 in Evocations
 26795 | Elf:1    | Entered Level 1 of the Elven Halls
 26803 | Elf:1    | Reached skill level 15 in Axes
 26856 | Elf:1    | Noticed Azrael
 27430 | D:12     | Killed angelusfrater's ghost
 27826 | D:13     | Identified the +6 chain mail "Vuxzoave" {rElec rF+ rC- rN+}
 27843 | D:13     | Found a gate to the Vaults.
 28316 | D:13     | Reached skill level 17 in Fighting
 29208 | D:14     | Noticed Jorgrun
 29228 | D:14     | Killed Jorgrun
 29228 | D:14     | Received a gift from Trog
 30137 | D:15     | Entered Level 15 of the Dungeon
 30181 | D:15     | Noticed Josephine
 30191 | D:15     | Killed Josephine
 30212 | D:15     | Reached XP level 16. HP: 147/155 MP: 16/16
 30443 | D:15     | Found a broken altar of Ashenzari.
 30841 | D:15     | Reached skill level 5 in Evocations
 31011 | D:15     | Found a glowing golden altar of the Shining One.
 31147 | D:15     | Found a staircase to the Depths.
 31605 | D:11     | Killed osoart's ghost
 31756 | D:7      | Found a white marble altar of Elyvilon.
 31756 | D:7      | Found a sacrificial altar of Ru.
 31794 | D:8      | Bought a scorched bone ring for 155 gold pieces
 31794 | D:8      | Identified the ring of Recklessness {rElec rPois rF+ Str+3
                  | Int-4} (You bought it in a shop on level 8 of the Dungeon)
 32092 | Swamp:1  | Entered Level 1 of the Swamp
 32647 | Swamp:1  | Received a gift from Trog
 34080 | Swamp:2  | Reached skill level 18 in Fighting
 35560 | Swamp:3  | Identified Roxanne's Incunabulum of Shape Shifting
 35560 | Swamp:3  | Noticed Roxanne
 36232 | D:9      | Received a gift from Trog
 36782 | Spider:1 | Entered Level 1 of the Spider Nest
 37277 | Spider:1 | Reached XP level 17. HP: 148/161 MP: 17/17
 37957 | Spider:1 | Found a transporter.
 37962 | Spider:1 | Found a transporter.
 39121 | Spider:2 | Paralysed by a jorogumo for 1 turns
 39549 | Spider:2 | Received a gift from Trog
 39930 | Spider:3 | Lost mutation: You are dopey. (Int -2) [potion of mutation]
 39930 | Spider:3 | Lost mutation: Your flesh is heat resistant. (rF+) [potion
                  | of mutation]
 39930 | Spider:3 | Gained mutation: You sometimes lose the ability to read
                  | scrolls when taking damage. [potion of mutation]
 39930 | Spider:3 | Gained mutation: You expend magic power (3 MP) to
                  | strengthen your wands. [potion of mutation]
 40843 | Spider:4 | Entered Level 4 of the Spider Nest
 40868 | Spider:4 | Reached skill level 19 in Fighting
 41111 | Spider:4 | Blown up by an orb spider

Illustrated notes

Levels and vault maps discovered:
D:1:      erik_arrival_orb_chamber, layout_rooms, chequers_jeans,
          minmay_close_crescents
D:2:      layout_basic, minmay_distorted
D:3:      layout_loops_ring, trog_hazing_becter,
          shapermc_ecumenical_altar_mp_urbaneastern
D:4:      layout_cave_pods, minmay_temple_entry_from_below_a
D:5:      layout_basic, serial_shops, shop
D:6:      layout_basic, lemuel_mausoleum_altar_kikubaaqudgha, serial_shops,
          shop, chequers_serial_rivers_micro_a, uniq_crazy_yiuf_cottage
D:7:      layout_rooms, nicolae_overflow_hidden_temple, enter_ossuary_3,
          grunt_ministairs_4, grunt_decor_one_mirror
D:8:      layout_basic, mainiacjoe_overflow_catwalk, dpeg_lair_monsters,
          serial_shops, nicolae_shop_behind_doors
D:9:      layout_roguey, eino_small_chamber_without_monster,
          hangedman_decor_slide_cut, onia_ninara_dug_in_and_dangerous,
          uniq_joseph
D:10:     layout_basic, special_room [special_room_orc], uniq_fannar,
          uniq_maurice, uniq_sonja
D:11:     layout_cave_pools, gammafunk_ghost_icy
D:12:     kennysheep_scales, layout_stronghold, erik_orc_3, ebering_ghost_gozag,
          serial_shops, shop, minivault_4
D:13:     layout_roguey, lightli_vaults_fourway_checkpoint
D:14:     layout_loops_ring, infiniplex_staircase_river, uniq_jorgrun
D:15:     hangedman_depths_entry_try_elsewhere_first, layout_stronghold,
          ashenzari_conservatory_becter, tso_altar, uniq_josephine
Lair:1:   gammafunk_cloud_chamber, layout_cave_pods, basic_altar,
          evilmike_ambush [evilmike_ambush_outer_doors,
          evilmike_ambush_inner_basic], serial_bayou_shore_a
Lair:2:   layout_layer_cave, spider_nest_entry_rubble
Lair:3:   layout_cave_pods
Lair:4:   layout_regular_city, skrybe_swamp_entry_bodies, nicolae_lair_lindhole,
          infiniplex_staircase_pool, grunt_megastairs_1
Lair:5:   layout_small_grid
Lair:6:   minmay_lair_end_enchanted_forest, layout_cave_pods,
          dpeg_slime_entry_corner, gammafunk_ghost_hive
Swamp:1:  layout_falls_marsh, nicolae_swamp_oxbows
Swamp:2:  layout_basic_swamp, serial_swamp_ruin, hangedman_swamp_ruin_wall,
          evilmike_swamp_ruin_rubble_2
Swamp:3:  layout_basic_swamp, nicolae_swamp_some_circles, uniq_roxanne
Spider:1: gammafunk_boulding_lane, nicolae_spider_orb_run
Spider:2: layout_spider_delve, hellmonk_test_site
Spider:3: layout_spider_delve, drop_trap
Spider:4: spider_rune_water, nicolae_spider_altar_of_dancing
Orc:1:    layout_caves, serial_shops, shop_statue, basic_altar,
          hellmonk_bongcloud_opening, uniq_gastronok, uniq_snorg
Orc:2:    st_orc_town, layout_diamond_mine, basic_altar, hangedman_minor_magic
Elf:1:    layout_loops_ring, special_room [special_room_orc], serial_shops,
          nicolae_shop_stone, hangedman_elven_crosses_minicolossus,
          corner_web_ring, lemuel_upstairs_altar, uniq_nikola, uniq_azrael

Skill      XL: |  1  2  3  4  5  6  7  8  9 10 11 12 13 14 15 16 17 |
---------------+----------------------------------------------------+-----
Fighting       | 4 5 6 7 8 9 11 13 15 16 17 18 19 | 19.0
Dodging        | 2 3 4 5 6 7 9 10 11 12 13 | 13.7
Armour         | 3 4 5 6 7 8 10 12 13 15 16 17 | 17.4
Axes           | 5 6 7 9 11 13 14 16 17 18 | 18.1
Evocations     | 4 7 8 |  8.6

Action                   |  1- 3 |  4- 6 |  7- 9 | 10-12 | 13-15 | 16-18 || total
-------------------------+-------+-------+-------+-------+-------+-------++-------
Melee: Hand axe          |    93 |   196 |   258 |   426 |   554 |       ||  1527
       Punch             |     3 |     1 |     4 |     7 |     8 |       ||    23
       Executioner's axe |       |       |       |       |   536 |   684 ||  1220
Invok: Berserk           |     1 |     4 |     3 |     7 |     4 |     3 ||    22
Evoke: Wand              |       |       |       |       |       |     3 ||     3
  Use: Scroll            |       |       |       |    12 |    10 |    11 ||    33
       Potion            |       |       |       |     9 |     2 |     3 ||    14
 Stab: Sleeping          |     1 |       |       |       |       |       ||     1
       Invisible         |       |       |       |     1 |       |       ||     1
       Distracted        |       |       |       |       |     1 |       ||     1
Armor: Animal skin       |     4 |       |       |       |       |       ||     4
       Scale mail        |    26 |    74 |    70 |       |       |       ||   170
       Chain mail        |       |       |    24 |   111 |       |       ||   135
       Ring mail         |       |       |       |     1 |    40 |       ||    41
       Crystal plate arm |       |       |       |       |   594 |   791 ||  1385
Dodge: Dodged            |    56 |    92 |   149 |   157 |   528 |   581 ||  1563
Block: Other             |       |       |     6 |    58 |   216 |   132 ||   412
       Reflection        |       |       |     1 |     2 |     9 |     6 ||    18
